 Dungeon Crawl Stone Soup version 0.22-a0-166-g5351223 (webtiles) character file.

284 Amnesiac the Digger (level 6, -4/41 HPs)
             Began as a Mummy Earth Elementalist on Feb 13, 2018.
             Slain by an orc priest
             ... wielding a +0 trident
              (6 damage)
             ... on level 4 of the Dungeon.
             The game lasted 00:05:14 (4066 turns).

Amnesiac the Digger (Mummy Earth Elementalist)      Turns: 4066, Time: 00:05:15

Health: -4/41      AC:  2    Str: 12    XL:     6   Next: 7%
Magic:  7/13       EV: 12    Int: 16    God:
Gold:   139        SH:  0    Dex: 12    Spells: 2/14 levels left

rFire    x . .     SeeInvis .   e - -2 hunting sling (curse)
rCold    + . .     Gourm    .   (no shield)
rNeg     + + +     Faith    .   c - +0 robe
rPois    ∞         Spirit   .   (no helmet)
rElec    .         Reflect  .   (no cloak)
rCorr    .         Harm     .   (no gloves)
MR       .....                  (no boots)
Stlth    ++........             (no amulet)
HPRegen  0.13/turn              g - ring of wizardry
MPRegen  0.13/turn              (no ring)

@: no status effects
A: no food or potions, fire vulnerability, cold resistance 1, negative energy
resistance 3, torment resistance, unbreathing
a: no special abilities


You were on level 4 of the Dungeon.
You were not hungry.

You visited 1 branch of the dungeon, and saw 4 of its levels.

You collected 139 gold pieces.

Inventory:

Hand Weapons
 e - a cursed -2 hunting sling (weapon)
Missiles
 b - 8 stones (quivered)
Armour
 c - a +0 robe (worn)
 n - a +0 shield
Jewellery
 g - a ring of wizardry (left hand)
Wands
 j - a wand of digging (21)
Scrolls
 a - 2 scrolls of identify {!r}
 f - 2 scrolls of enchant armour {!r}
 h - a scroll of fog {!r}
 i - a scroll of magic mapping {!r, unknown}
 k - a scroll of noise {!r, unknown}
 l - a scroll of remove curse {!r, unknown}
 m - 2 scrolls of teleportation {!r, unknown}
 o - 2 scrolls of immolation {!r, unknown}
Books
 d - a book of Geomancy

   Spells                             Type                      Level
   a - Sandblast                      Earth                        1
   b - Passwall                       Transmutation/Earth          2
   c - Stone Arrow                    Conjuration/Earth            3
   d - Petrify                        Transmutation/Earth          4
   e - Lee's Rapid Deconstruction     Earth                        5


   Skills:
 - Level 1.5 Dodging
 - Level 1.5 Stealth
 + Level 4.8 Spellcasting
 - Level 0.7 Transmutations
 * Level 4.9 Earth Magic


You had 2 spell levels left.
You knew the following spells:

 Your Spells              Type           Power        Failure   Level  Hunger
a - Sandblast             Erth           ###...       1%          1    N/A
b - Passwall              Tmut/Erth      ##........   3%          2    N/A
d - Lee's Rapid Deconstr  Erth           ###.......   22%         5    N/A
e - Petrify               Tmut/Erth      ##......     19%         4    N/A

Dungeon Overview and Level Annotations

Branches:
Dungeon (4/15)
 Temple: D:4-7

Altars:


Innate Abilities, Weirdness & Mutations

You do not eat or drink.
Your flesh is vulnerable to fire.
You are immune to poison.
Your flesh is cold resistant. (rC+)
You are immune to negative energy. (rN+++)
You are immune to unholy pain and torment.
You can survive without breathing.


Message History

Casting: Sandblast (safe; 1% risk of failure)
Confirm with . or Enter, or press ? or * to list all spells.
Aiming: Sandblast (safe; 1% risk of failure)
Press: ? - help, Shift-Dir - straight line, f - orc priest
Aim: an orc priest, wielding a trident and wearing a chain mail (hasn't noticed you)
The blast of sand hits the orc priest.
The orc priest shouts!
b - 14 stones
Casting: Sandblast (safe; 1% risk of failure)
Confirm with . or Enter, or press ? or * to list all spells.
Aiming: Sandblast (safe; 1% risk of failure)
Press: ? - help, Shift-Dir - straight line, f/p - orc priest
Aim: an orc priest, wielding a trident and wearing a chain mail The blast of sand hits the orc priest.
b - 13 stones The orc priest hits you from afar with a trident.
Casting: Sandblast (safe; 1% risk of failure)
Confirm with . or Enter, or press ? or * to list all spells.
Aiming: Sandblast (safe; 1% risk of failure)
Press: ? - help, Shift-Dir - straight line, f/p - orc priest
Aim: an orc priest, wielding a trident and wearing a chain mail The blast of sand hits the orc priest.
b - 12 stones The orc priest invokes the aid of Beogh against you.
Beogh smites you!
* * * LOW HITPOINT WARNING * * *
Casting: Sandblast (safe; 1% risk of failure)
Confirm with . or Enter, or press ? or * to list all spells.
Aiming: Sandblast (safe; 1% risk of failure)
Press: ? - help, Shift-Dir - straight line, f/p - orc priest
Aim: an orc priest, wielding a trident and wearing a chain mail The blast of sand hits the orc priest.
b - 11 stones The orc priest begins to cast a cantrip, but forgets the words!
Casting: Sandblast (safe; 1% risk of failure)
Confirm with . or Enter, or press ? or * to list all spells.
Aiming: Sandblast (safe; 1% risk of failure)
Press: ? - help, Shift-Dir - straight line, f/p - orc priest
Aim: an orc priest, wielding a trident and wearing a chain mail The blast of sand hits the orc priest.
The orc priest is lightly wounded.
b - 10 stones The orc priest misses you.
Casting: Sandblast (safe; 1% risk of failure)
Confirm with . or Enter, or press ? or * to list all spells.
Aiming: Sandblast (safe; 1% risk of failure)
Press: ? - help, Shift-Dir - straight line, f/p - orc priest
Aim: an orc priest, wielding a trident and wearing a chain mail (lightly wounded)
The blast of sand hits the orc priest.
The orc priest is lightly wounded.
b - 9 stones The orc priest calls down the wrath of Beogh upon you.
Beogh smites you!
* * * LOW HITPOINT WARNING * * *
Casting: Sandblast (safe; 1% risk of failure)
Confirm with . or Enter, or press ? or * to list all spells.
Aiming: Sandblast (safe; 1% risk of failure)
Press: ? - help, Shift-Dir - straight line, f/p - orc priest
Aim: an orc priest, wielding a trident and wearing a chain mail (lightly wounded)
The blast of sand hits the orc priest.
The orc priest is severely wounded.
b - 8 stones The orc priest hits you from afar with a trident.
You die...

#..(..............
##...............##
.(##........###..#
...(.......# ##.#
#.#........####..#
#.#(.......<.....#
#.#(.......#####.+
#.#(#####+## #+
#@#.(.....(
#?#h.......
#o#...(...(
#(.........
###........
#........ #.......(
#........ #........


You could see an orc priest.

Vanquished Creatures
  A howler monkey (D:4)
  2 orc priests
  An orc wizard (D:4)
  3 gnolls (D:2)
  An adder (D:3)
  2 oozes
  A worm (D:3)
  9 dart slugs
  4 leopard geckos
  5 orcs
  4 bats
  4 giant cockroaches
  7 goblins
  9 hobgoblins
  6 jackals (D:4)
  8 kobolds
  2 quokkas (D:3)
  A ball python (D:3)
  2 frilled lizards
  A giant cockroach zombie (D:2)
  5 rats
78 creatures vanquished.

Notes
Turn   | Place    | Note
-------+----------+-------------------------------------------
     0 | D:1      | Amnesiac the Mummy Earth Elementalist began the quest for the Orb.
     0 | D:1      | Reached XP level 1. HP: 13/13 MP: 4/4
    99 | D:1      | Reached XP level 2. HP: 4/19 MP: 0/5
  1356 | D:2      | Reached XP level 3. HP: 24/24 MP: 7/7
  1490 | D:2      | Reached XP level 4. HP: 28/30 MP: 7/9
  3224 | D:3      | Reached XP level 5. HP: 25/35 MP: 5/11
  3975 | D:4      | Reached XP level 6. HP: 20/41 MP: 2/13
  3979 | D:4      | Learned a level 2 spell: Passwall
  3984 | D:4      | Learned a level 4 spell: Petrify
  3990 | D:4      | Learned a level 5 spell: Lee's Rapid Deconstruction
  4065 | D:4      | HP: 2/41 [orc priest/divine providence (12)]
  4066 | D:4      | Slain by an orc priest

Vault maps used:
D:1:      tarquinn_simple_flora_water_f, minivault_4
D:2:      minmay_bisected
D:3:      kennysheep_slugbush
D:4:      first_ration, minmay_tree_intersection, minmay_cupped, uniq_edmund

Skill      XL: |  1  2  3  4 |
---------------+-------------+-----
Earth Magic    | 3 4 |  4.9
Spellcasting   | 3 4 |  4.8
Dodging        | |  1.5
Stealth        | |  1.5
Transmutations | |  0.7

Action                   |  1- 3 |  4- 6 || total
-------------------------+-------+-------++-------
Melee: Unarmed           |    43 |       ||    43
 Fire: Hunting sling     |    72 |   242 ||   314
 Cast: Sandblast         |    12 |    41 ||    53
  Use: Scroll            |     2 |       ||     2
Armor: Robe              |    26 |    16 ||    42
Dodge: Dodged            |    69 |    96 ||   165

Table legend:
 A = Spawn XP
 B = Non-spawn XP
 C = Spawn XP percentage of total XP
 D = Spawn monster count
 E = Non-spawn monster count
 F = Spawn count percentage of total count
 G = Total turns spent on level
                    A         B        C        D         E        F      G
               +---------+---------+-------+---------+---------+-------+---------
         Total |       0 |     406 |   0.0 |       0 |      78 |   0.0 |  4066
               +---------+---------+-------+---------+---------+-------+---------
           D:1 |       0 |      31 |   0.0 |       0 |      16 |   0.0 |  1275
           D:2 |       0 |      75 |   0.0 |       0 |      18 |   0.0 |   775
           D:3 |       0 |     147 |   0.0 |       0 |      34 |   0.0 |  1726
           D:4 |       0 |     153 |   0.0 |       0 |      10 |   0.0 |   290
               +---------+---------+-------+---------+---------+-------+---------
